 Dungeon Crawl Stone Soup version 0.25-a0-464-g3004169 (webtiles) character file.

Game seed: 12464419150327617991, levelgen mode: deterministic

81 Coldstonesans the Ducker (level 4, 0/18 HPs)
             Began as a Felid Enchanter on Feb 5, 2020.
             Slain by Grinder (9 damage)
             ... on level 3 of the Dungeon.
             The game lasted 00:10:03 (6009 turns).

Coldstonesans the Ducker (Felid Enchanter)          Turns: 6009, Time: 00:10:04

Health: 0/18       AC:  0    Str:  9    XL:     4   Next: 20%
Magic:  7/8        EV: 18    Int: 17    God:
Gold:   101        SH:  0    Dex: 17    Spells: 0/7 levels left
                                        Lives:  0   Deaths: 1

rFire    . . .     SeeInvis +     - Unarmed
rCold    . . .     Gourm    .   (shield unavailable)
rNeg     . . .     Faith    .   (armour unavailable)
rPois    .         Spirit   .   (helmet unavailable)
rElec    .         Reflect  .   (cloak unavailable)
rCorr    .         Harm     .   (gloves unavailable)
MR       .....                  (boots unavailable)
Stlth    +++.......             (no amulet)
HPRegen  0.06/turn              (ring currently unavailable)
MPRegen  0.11/turn              (ring currently unavailable)

@: mighty, pig-form, very quick
A: small, no armour, no weapons or thrown items, stealth, see invisible,
carnivore, slow metabolism 1
a: no special abilities


You were on level 3 of the Dungeon.
You were not hungry.
You were a filthy swine.
You visited 1 branch of the dungeon, and saw 3 of its levels.

You collected 101 gold pieces.

Inventory:

Jewellery
 a - a ring of poison resistance (melded)
 m - an uncursed amulet of the gourmand
Scrolls
 c - 2 scrolls of identify
 d - 3 scrolls of teleportation
 g - a scroll of enchant armour {unknown}
 h - a scroll of fear {unknown}
 i - a scroll of random uselessness {unknown}
 j - a scroll of remove curse
 k - 3 scrolls of enchant weapon {unknown}
Potions
 e - a potion of flight
 n - a potion of magic {unknown}
Comestibles
 b - 6 rations


   Skills:
 - Level 5.3 Dodging
 + Level 4.5 Stealth
 - Level 2.4 Unarmed Combat
 + Level 2.3 Spellcasting
 * Level 5.2 Hexes


You couldn't memorise any spells.
You knew the following spells:

 Your Spells              Type           Power        Failure   Level  Hunger
a - Corona                Hex            ###....      2%          1    #......
b - Confusing Touch       Hex            ###.....     6%          3    ###....
c - Tukima's Dance        Hex            ###.....     6%          3    ###....

Your spell library contained the following spells:

 Spells                   Type           Power        Failure   Level  Hunger
 Ensorcelled Hibernation  Hex/Ice        ##....       10%         2    ###....
 Dazzling Flash           Conj/Hex       ##....       19%         3    ###....


Dungeon Overview and Level Annotations

Branches:
Dungeon (3/15)

Altars:

Annotations:
D:3 Grinder, Robin, Sigmund


Innate Abilities, Weirdness & Mutations

You cannot wear armour.
You are incapable of wielding weapons or throwing items.
Your paws allow you to move quietly. (Stealth)
((You have sharp claws.))
((You have razor-sharp teeth.))
You have supernaturally acute eyesight. (SInv)
You are carnivorous and can eat meat at any time.
((You cover ground quickly.))
((You are covered in fur. (AC +1)))
You have a slow metabolism.
((Your sharp claws are effective at attacking unaware monsters.))


Message History

You kill the goblin!
Grinder gestures at you. You resist with some effort.
You closely miss the hobgoblin. The hobgoblin misses you.
You can't do that in your present form.
Sorry, you're not good enough to have a special ability.
You barely miss Grinder. Grinder completely misses you.
The hobgoblin hits you with a +0 club!
You bite Grinder!
Grinder is moderately wounded.
Grinder barely misses you. The hobgoblin hits you with a +0 club.
You barely miss Grinder.
Grinder is moderately wounded.
Grinder gestures at you.
You struggle to resist.
You hit Grinder.
Grinder is moderately wounded.
The hobgoblin misses you. Grinder hits you!
Ouch! That really hurt!
You die...

.............#)# #####
.##............# .....
.#####....#.#### 5.... .#
#.##.#.###### .....
.#####.##........# .....
.......##........# .....
..####.##........# .......
..####.###.......#########...!...
....<..# #......h5...............
..##.#.# ########g...............
..##.#.# #...........#####
..##.#.#### #...........#
..........#######.......)g..#
............).........$.@...#
..##.#.##########...........#
.......##########.....†.g...#
..##.#.........##...........#


You could see Grinder and a hobgoblin.

Vanquished Creatures
  Jessica (D:3)
  5 adders
  2 oozes
  2 worms (D:2)
  A dart slug (D:2)
  A leopard gecko (D:3)
  5 orcs (D:3)
  2 ball pythons
  4 bats
  5 giant cockroaches
  4 hobgoblins
  A quokka (D:3)
  6 frilled lizards
  16 goblins
  5 kobolds
  7 rats
67 creatures vanquished.

Vanquished Creatures (others)
  2 dancing weapons (D:3)
  5 toadstools (D:1)
7 creatures vanquished.

Grand Total: 74 creatures vanquished

Notes
Turn   | Place    | Note
-------+----------+-------------------------------------------
     0 | D:1      | Coldstonesans the Felid Enchanter began the quest for the
                  | Orb.
     0 | D:1      | Reached XP level 1. HP: 7/7 MP: 4/4
   364 | D:1      | Reached XP level 2. HP: 11/11 MP: 6/6
  1158 | D:2      | Reached XP level 3. HP: 8/14 MP: 7/7
  2179 | D:2      | Learned a level 3 spell: Confusing Touch
  3398 | D:2      | Reached skill level 5 in Dodging
  3438 | D:2      | Reached XP level 4. HP: 13/18 MP: 4/8
  4059 | D:3      | Learned a level 3 spell: Tukima's Dance
  4696 | D:3      | Noticed Jessica
  4700 | D:3      | Killed Jessica
  4770 | D:3      | Reached skill level 5 in Hexes
  4781 | D:3      | Reached XP level 5. HP: 18/21 MP: 2/9
  5237 | D:3      | Noticed Grinder
  5363 | D:3      | Noticed Sigmund
  5947 | D:3      | Noticed Robin
  5985 | D:3      | Killed from afar by Sigmund
  5986 | D:3      | Reached XP level 4. HP: -1/18 MP: 7/8
  6009 | D:3      | Slain by Grinder

Levels and vault maps discovered:
D:1:      ldierk_walled_garden, layout_rooms, roderic_roman_lattice,
          serial_bayou_lagoon_a
D:2:      layout_loops_ring, first_ration
D:3:      layout_basic, uniq_sigmund, uniq_jessica, uniq_robin, uniq_grinder

Skill      XL: |  1  2  3  4 |
---------------+-------------+-----
Dodging        | 3 4 5 |  5.3
Unarmed Combat | 2 |  2.4
Hexes          | 5 |  5.2
Stealth        | |  4.5
Spellcasting   | |  2.3

Action                   |  1- 3 |  4- 6 || total
-------------------------+-------+-------++-------
Melee: Unarmed           |   148 |   137 ||   285
       Bite              |    16 |     7 ||    23
       Punch             |       |     1 ||     1
 Cast: Confusing Touch   |     5 |     8 ||    13
       Corona            |     3 |    10 ||    13
       Tukima's Dance    |       |     3 ||     3
  Use: Potion            |       |     5 ||     5
       Scroll            |       |     5 ||     5
 Stab: Sleeping          |    13 |     4 ||    17
       Confused          |     6 |     4 ||    10
  Eat: Chunk             |     6 |    11 ||    17
Armor: Skin              |     4 |     9 ||    13
Dodge: Dodged            |    82 |   108 ||   190

Table legend:
 A = Non-vault XP
 B = Vault XP
 C = Vault XP percentage of total XP
 D = Non-vault monster count
 E = Vault monster count
 F = Vault count percentage of total count
                 A         B        C        D         E       F
            +---------+---------+-------+---------+---------+-------
      Total |     190 |      43 |  18.5 |      63 |       4 |   6.0
            +---------+---------+-------+---------+---------+-------
        D:1 |      22 |       0 |   0.0 |      13 |       0 |   0.0
        D:2 |      80 |       0 |   0.0 |      25 |       0 |   0.0
        D:3 |      88 |      43 |  32.8 |      25 |       4 |  13.8
            +---------+---------+-------+---------+---------+-------
